[Event "Titled Tuesday Blitz February 14 Early 2023"]
[White "Wilson, Elvin"]
[Black "Janaszak, Dawid"]
[WhiteFideId "2014874"]
[BlackFideId "1119206"]
[WhiteElo "2183"]
[BlackElo "2316"]
[Result "1/2-1/2"]
[Round "01"]
[TimeControl "180+2"]
[Date "2023.02.15"]
[WhiteClock "0:00:13"]
[BlackClock "0:01:25"]

1. c4 e6 2. g3 d5 3. Bg2 Nf6 4. Nf3 c5 5. O-O Nc6 6. b3 Be7 7. e3 O-O 8. Bb2 b6 9. cxd5 Nxd5 10. d4 cxd4 11. Nxd4 Nxd4 12. Bxd4 Bb7 13. Nc3 Rc8 14. Nxd5 Bxd5 15. Qg4 Bf6 16. Bxf6 Qxf6 17. Bxd5 exd5 18. Rad1 Rc2 19. a4 Rd8 20. Rd4 h6 21. Qd1 Rdc8 22. Rxd5 Qc3 23. Rd3 Qb2 24. Rd8+ Rxd8 25. Qxd8+ Kh7 26. Qd3+ g6 27. Qd5 Kg7 28. h4 h5 29. e4 Rd2 30. Qc4 Re2 31. Qd5 Qf6 32. e5 Rxe5 33. Qd4 Rc5 34. Qxf6+ Kxf6 35. Rd1 Rc3 36. Rd7 Rxb3 37. Rxa7 Ke6 38. Ra6 Ke5 39. a5 b5 40. Rb6 b4 41. a6 Ra3 42. a7 Ra1+ 43. Kg2 Rxa7 44. Rxb4 Kf6 45. Rf4+ Ke6 46. Re4+ Kf6 47. Rf4+ Kg7 48. Re4 Ra3 49. Rf4 Rc3 50. Re4 f6 51. Rf4 g5 52. Re4 Kg6 53. hxg5 fxg5 54. Re6+ Kf5 55. Rh6 Kg4 56. Rg6 Kf5 57. Rh6 Kg4 58. Rg6 h4 59. gxh4 Kxh4 60. Rf6 g4 61. Rh6+ Kg5 62. Rh8 Rc2 63. Rg8+ Kf4 64. Rf8+ Ke4 65. Re8+ Kf5 66. Rf8+ Kg5 67. Rg8+ Kf4 68. Rf8+ Kg5 69. Rg8+ 1/2-1/2


[Site "https://www.chess.com"]

[Event "Titled Tuesday Blitz February 14 Early 2023"]
[White "Korchmar, Vasiliy"]
[Black "Jenkins, Drake"]
[WhiteFideId "24131750"]
[BlackFideId "2022397"]
[WhiteElo "2438"]
[BlackElo "2130"]
[Result "1-0"]
[Round "01"]
[TimeControl "180+2"]
[Date "2023.02.15"]
[WhiteClock "0:01:26"]
[BlackClock "0:00:01"]

1. e4 c5 2. Nf3 g6 3. d4 cxd4 4. Nxd4 Nf6 5. Nc3 Nc6 6. Be2 Bg7 7. Nb3 O-O 8. O-O a5 9. a4 d6 10. Re1 Be6 11. Bb5 Rc8 12. Bg5 h6 13. Bh4 Nd7 14. Rb1 Re8 15. Nd5 Nb4 16. c3 Nxd5 17. exd5 Bf5 18. Rc1 g5 19. Bg3 Rf8 20. Nd4 Bg6 21. h4 Nf6 22. hxg5 hxg5 23. Qd2 Nxd5 24. Qxg5 e6 25. Qd2 Nf6 26. Bd3 Bxd3 27. Qxd3 d5 28. Be5 Ne4 29. Bxg7 Kxg7 30. f3 1-0


[Site "https://www.chess.com"]

[Event "Titled Tuesday Blitz February 14 Early 2023"]
[White "Idnani, Roshan"]
[Black "Katz, Alexander"]
[WhiteFideId "2072939"]
[BlackFideId "2039796"]
[WhiteElo "2082"]
[BlackElo "2470"]
[Result "0-1"]
[Round "01"]
[TimeControl "180+2"]
[Date "2023.02.15"]
[WhiteClock "0:01:38"]
[BlackClock "0:01:34"]

1. e4 c6 2. d4 d5 3. e5 Bf5 4. Nf3 e6 5. Be2 c5 6. O-O Nc6 7. Be3 Qb6 8. c4 dxc4 9. Bxc4 Rd8 10. d5 exd5 11. Bxd5 Nb4 12. Nc3 Nxd5 13. Nxd5 Qc6 0-1


[Site "https://www.chess.com"]

[Event "Titled Tuesday Blitz February 14 Early 2023"]
[White "Weetik, Vjacheslav"]
[Black "Cepo, Toni"]
[WhiteFideId "4153472"]
[BlackFideId "4675916"]
[WhiteElo "2423"]
[BlackElo "2145"]
[Result "1-0"]
[Round "01"]
[TimeControl "180+2"]
[Date "2023.02.15"]
[WhiteClock "0:00:06"]
[BlackClock "0:00:02"]

1. d4 Nf6 2. c4 e6 3. Nc3 d5 4. cxd5 exd5 5. Bg5 c6 6. e3 Bf5 7. Qf3 Bg6 8. Bxf6 Qxf6 9. Qxf6 gxf6 10. Nf3 Nd7 11. g3 Bb4 12. Nh4 Nb6 13. a3 Be7 14. Kd2 Nc8 15. Bd3 Nd6 16. Rac1 Bxd3 17. Kxd3 f5 18. Ng2 Ne4 19. Ke2 Kd7 20. Rc2 Bd6 21. Rhc1 Rae8 22. Nh4 f4 23. Nf5 fxg3 24. hxg3 Re6 25. Nxe4 Rxe4 26. Rh1 Re6 27. Rh5 Bf8 28. Rc1 h6 29. Rch1 Rg6 30. f4 Ke6 31. Kf3 Rhg8 32. R1h3 f6 33. Nh4 Rg4 34. Nf5 R4g6 35. a4 Rh8 36. b3 b5 37. Nh4 Rg7 38. f5+ Kd6 39. Ng6 Rhg8 40. Rxh6 Be7 41. Rh7 1-0


[Site "https://www.chess.com"]

[Event "Titled Tuesday Blitz February 14 Early 2023"]
[White "Skuhala, Barbara"]
[Black "Skvortsov, Andrei"]
[WhiteFideId "14605465"]
[BlackFideId "24108600"]
[WhiteElo "2153"]
[BlackElo "2313"]
[Result "0-1"]
[Round "01"]
[TimeControl "180+2"]
[Date "2023.02.15"]
[WhiteClock "0:00:02"]
[BlackClock "0:00:07"]

1. e4 d5 2. exd5 Qxd5 3. d4 Nc6 4. Nf3 e5 5. dxe5 Qxd1+ 6. Kxd1 Bg4 7. Be2 O-O-O+ 8. Ke1 Bxf3 9. gxf3 Nxe5 10. Be3 Kb8 11. Nd2 Nf6 12. Ne4 Nd5 13. f4 Ng6 14. f5 Ngf4 15. Bf3 f6 16. a3 Nxe3 17. fxe3 Nd5 18. Ke2 Be7 19. Rhd1 c6 20. c4 Nb6 21. b3 Rxd1 22. Kxd1 Rd8+ 23. Ke2 Nd7 24. a4 Ne5 25. Nf2 a5 26. Rd1 Rxd1 27. Nxd1 Kc7 28. e4 Kd6 29. Ne3 Kc5 30. Nc2 Bd8 31. h3 Bc7 32. Bg2 Nf7 33. Kd2 Bf4+ 34. Kd3 Ne5+ 35. Ke2 Bh6 36. Bh1 Nf7 37. Bg2 Nd6 38. Kd3 Bf4 39. Nd4 Kb4 40. Kc2 Bh6 41. Ne6 b5 42. axb5 cxb5 43. c5 Nc8 44. c6 a4 45. bxa4 bxa4 46. Kb1 Kb5 47. Ka2 Kxc6 48. e5+ Kb5 49. exf6 gxf6 50. h4 Nd6 51. Bf1+ Kb4 52. Bd3 Nf7 53. Bb1 Ne5 54. Nc7 Kc5 55. Ne8 Nd7 56. Bc2 Kb4 57. Nd6 Bf4 58. Ne4 Be5 59. h5 Nb6 60. h6 Kc4 61. Nf2 Kd5 62. Ng4 Bd4 63. Ka3 Bc5+ 64. Ka2 Be7 65. Nf2 Kd4 66. Bd1 Nd5 67. Bxa4 Nc3+ 68. Kb3 Nxa4 69. Kxa4 Ke5 70. Kb3 Kxf5 71. Kc3 Kf4 72. Kd2 Kg5 73. Ke2 Kg6 74. Kf3 f5 75. Ng4 Bg5 76. Ne5+ Kxh6 77. Nd3 Kg6 78. Ne5+ Kg7 79. Nc6 Bf6 80. Nb4 Kg6 81. Nd5 Bg5 82. Nb6 Kf7 83. Nc4 Ke6 84. Nb2 Bf6 85. Nd1 Bd4 86. Kg2 Kf6 87. Kf3 Kg5 88. Kg2 Kf4 89. Kf1 Kf3 90. Nf2 h5 91. Nd3 h4 92. Nf2 Be3 93. Nh3 Kg3 94. Nf2 Bxf2 0-1


[Site "https://www.chess.com"]

[Event "Titled Tuesday Blitz February 14 Early 2023"]
[White "Panesso Rivera, Henry"]
[Black "Matveeva, Olga"]
[WhiteFideId "4402707"]
[BlackFideId "24107018"]
[WhiteElo "2342"]
[BlackElo "2128"]
[Result "0-1"]
[Round "01"]
[TimeControl "180+2"]
[Date "2023.02.15"]
[WhiteClock "0:00:13"]
[BlackClock "0:00:05"]

1. Nf3 Nf6 2. g3 d5 3. Bg2 c6 4. O-O g6 5. b3 Bg7 6. Bb2 O-O 7. c4 Bg4 8. h3 Bxf3 9. Bxf3 e6 10. d4 Nbd7 11. e3 a5 12. Nc3 Re8 13. Bg2 Qb6 14. Qd2 Rad8 15. cxd5 exd5 16. Na4 Qc7 17. Bc3 b6 18. Qc2 Ne4 19. Rac1 Rc8 20. Ba1 Ndf6 21. Qe2 Qb7 22. Rfe1 Nh5 23. Rc2 f5 24. Qf3 Nhf6 25. Rec1 Re6 26. a3 Nd6 27. Bc3 Nfe4 28. Be1 Nb5 29. Ra1 Rce8 30. Qd1 Ned6 31. Bf1 Nxd4 32. exd4 Rxe1 33. Qxe1 Rxe1 34. Rxe1 Bxd4 35. Re6 Ne4 36. Rexc6 Bxf2+ 37. Kg2 Bc5 38. Bb5 d4 39. Nxc5 Nxc5 40. Kh2 d3 41. Rc4 Qe7 42. h4 Qe2+ 43. Kh3 Qf1+ 44. Kh2 Qf2+ 45. Kh3 d2 46. Rc8+ Kg7 47. Rc7+ Kh6 48. Rf4 Qe3 49. Rf1 Ne4 0-1


[Site "https://www.chess.com"]

[Event "Titled Tuesday Blitz February 14 Early 2023"]
[White "Hoffmann, Asa"]
[Black "Sadubayev, Airat"]
[WhiteFideId "2001470"]
[BlackFideId "13713264"]
[WhiteElo "2185"]
[BlackElo "2320"]
[Result "1/2-1/2"]
[Round "01"]
[TimeControl "180+2"]
[Date "2023.02.15"]
[WhiteClock "0:00:19"]
[BlackClock "0:00:09"]

1. d4 d5 2. Bg5 Nd7 3. c4 dxc4 4. Nc3 Ngf6 5. e4 e6 6. Bxc4 h6 7. Bh4 Bb4 8. f3 c5 9. a3 Ba5 10. dxc5 Bxc3+ 11. bxc3 Qa5 12. Ne2 Qxc5 13. Qd4 b6 14. O-O O-O 15. Rfd1 Bb7 16. a4 Rfc8 17. Bb5 Ne5 18. Bxf6 gxf6 19. h3 a6 20. Bd3 Rd8 21. Qxc5 bxc5 22. Bc2 Kf8 23. Rab1 Bc6 24. a5 Bb5 25. Nf4 Ke7 26. Kf2 Nc6 27. Ra1 Rab8 28. Nd3 Rbc8 29. Ke3 Ne5 30. Nxe5 fxe5 31. Bd3 Rb8 32. c4 Bc6 33. Rab1 Kd6 34. g4 Kc7 35. h4 f6 36. Be2 Rxd1 37. Rxb8 Kxb8 38. Bxd1 Kc7 39. f4 Kd6 40. f5 exf5 41. gxf5 Be8 42. Be2 Bf7 43. Kd3 Ke7 44. Ke3 Kf8 45. Kf2 Be8 46. Kg3 Ba4 47. Kf2 Kg7 48. Ke3 Bc2 49. Bf3 Bb3 50. Be2 Kf8 51. Bd3 Ba4 52. Be2 Bc6 53. Bf3 Ke7 54. Be2 Kd6 55. Bf3 Be8 56. Be2 Bf7 57. Bd3 Bh5 58. Bf1 Ke7 59. Be2 Bxe2 60. Kxe2 h5 61. Kf3 Kd6 62. Ke3 Ke7 63. Kf3 Kd6 64. Ke3 Ke7 65. Kf3 1/2-1/2


[Site "https://www.chess.com"]

[Event "Titled Tuesday Blitz February 14 Early 2023"]
[White "Vlassov, Nikolai"]
[Black "Jiganchine, Roman"]
[WhiteFideId "4103360"]
[BlackFideId "2603667"]
[WhiteElo "2283"]
[BlackElo "2205"]
[Result "0-1"]
[Round "01"]
[TimeControl "180+2"]
[Date "2023.02.15"]
[WhiteClock "0:00:53"]
[BlackClock "0:00:13"]

1. e4 c6 2. d4 d5 3. e5 Bf5 4. Nf3 e6 5. Be2 Nd7 6. O-O a6 7. Nbd2 h6 8. Nb3 c5 9. c4 dxc4 10. Nxc5 Nxc5 11. dxc5 Bxc5 12. Bxc4 Qxd1 13. Rxd1 Ne7 14. Bd2 Nc6 15. Bc3 Ke7 16. a3 Rhd8 17. b4 Bb6 18. a4 Rxd1+ 19. Rxd1 Rc8 20. b5 Na7 21. Bb4+ Bc5 22. Be1 axb5 23. axb5 Bb6 24. Be2 Rc7 25. Kf1 Nc8 26. Bb4+ Ke8 27. Nd4 Bxd4 28. Rxd4 Rc1+ 29. Rd1 Rxd1+ 30. Bxd1 Bd3+ 31. Be2 Bxe2+ 32. Kxe2 Nb6 33. Kd3 Nd5 34. Bd2 b6 35. Kc4 h5 36. g3 g6 37. f3 Ke7 38. h3 Ke8 39. g4 Ke7 40. Kd4 Ke8 41. Be1 Nc7 42. Kc4 Nd5 43. Bf2 Kd7 44. Kd4 Kc7 45. Bg3 Kd7 46. f4 Nc7 47. Kc4 Nd5 48. Bh2 hxg4 49. hxg4 Ne3+ 50. Kd3 Nxg4 51. Bg1 Kc7 52. Ke4 Nh6 53. Bf2 Nf5 54. Bg1 Kb7 55. Bf2 Ne7 56. Bg1 Nd5 57. Bd4 Nc7 58. Kd3 Nxb5 59. Bf2 Nc7 60. Kc4 Nd5 61. Bg3 Kc6 62. Kd4 b5 0-1


[Site "https://www.chess.com"]

[Event "Titled Tuesday Blitz February 14 Early 2023"]
[White "Koellner, Ruben Gideon"]
[Black "Szente Varga, Fruzsina"]
[WhiteFideId "12993093"]
[BlackFideId "712264"]
[WhiteElo "2426"]
[BlackElo "2075"]
[Result "0-1"]
[Round "01"]
[TimeControl "180+2"]
[Date "2023.02.15"]
[WhiteClock "0:00:01"]
[BlackClock "0:00:11"]

1. d4 Nf6 2. Nf3 g6 3. Nbd2 d5 4. e3 Bg7 5. b4 O-O 6. c4 c6 7. Bb2 Ne4 8. Nxe4 dxe4 9. Nd2 f5 10. Be2 Kh8 11. h4 h5 12. g3 Nd7 13. Qb3 Qc7 14. c5 Nf6 15. Bc4 Qd7 16. b5 Rd8 17. a4 e5 18. Rd1 Ng4 19. dxe5 Nxe5 20. Bxe5 Bxe5 21. O-O Qg7 22. Be2 Qf6 23. Nc4 Be6 24. Qc2 Bxc4 25. Qxc4 Kg7 26. Kg2 Qe7 27. a5 Rxd1 28. Rxd1 Rd8 29. Rxd8 Qxd8 30. a6 bxa6 31. bxc6 a5 32. Qe6 Qc7 33. Qd7+ Kf6 34. Bc4 Qxd7 35. cxd7 Ke7 36. c6 Bc7 37. Bb5 Kd6 38. Kf1 Kc5 39. Ba4 Kb4 40. Bd1 Kb5 0-1


[Site "https://www.chess.com"]

[Event "Titled Tuesday Blitz February 14 Early 2023"]
[White "Balint, Vilmos"]
[Black "Seemann, Jakub"]
[WhiteFideId "718050"]
[BlackFideId "21874697"]
[WhiteElo "2169"]
[BlackElo "2446"]
[Result "0-1"]
[Round "01"]
[TimeControl "180+2"]
[Date "2023.02.15"]
[WhiteClock "0:00:33"]
[BlackClock "0:01:14"]

1. e4 e5 2. Nf3 Nc6 3. Bb5 a6 4. Bxc6 dxc6 5. d4 exd4 6. Qxd4 Qxd4 7. Nxd4 c5 8. Nb3 Nf6 9. f3 Be6 10. Be3 b6 11. N1d2 a5 12. c3 a4 13. Nc1 a3 14. b3 O-O-O 15. Ne2 Be7 16. c4 Kb7 17. O-O-O c6 18. Nc3 Nd7 19. Kc2 g5 20. Ndb1 Ne5 21. Nxa3 f5 22. Nab1 f4 23. Bf2 g4 24. Nd2 h5 25. Rhf1 h4 26. Bg1 h3 27. gxh3 Rxh3 28. Ne2 Bg5 29. fxg4 Bxg4 30. Rf2 Nd3 31. Rg2 Bxe2 32. Rxe2 f3 33. Re3 Bxe3 34. Bxe3 Rxh2 35. Kc3 Nb4 36. a3 Rd3+ 37. Kb2 Rxe3 38. axb4 Ree2 39. Kc1 Rxd2 40. Rxd2 f2 41. Rd1 Rg2 42. Kd2 f1=Q+ 0-1


[Site "https://www.chess.com"]

[Event "Titled Tuesday Blitz February 14 Early 2023"]
[White "Jakubowski, Krzysztof"]
[Black "Rose, Felix"]
[WhiteFideId "1112848"]
[BlackFideId "5105722"]
[WhiteElo "2486"]
[BlackElo "2091"]
[Result "1-0"]
[Round "01"]
[TimeControl "180+2"]
[Date "2023.02.15"]
[WhiteClock "0:00:42"]
[BlackClock "0:00:22"]

1. e4 e5 2. Nf3 Nc6 3. Bc4 Nf6 4. Ng5 d5 5. exd5 Na5 6. Bb5+ c6 7. dxc6 bxc6 8. Bd3 Nd5 9. h4 h6 10. Qh5 Qc7 11. Nxf7 Nf6 12. Qxe5+ Qxe5+ 13. Nxe5 Bd6 14. Ng6 Rh7 15. b3 Nb7 16. O-O Nc5 17. Ba3 Nxd3 18. Bxd6 Kf7 19. Nf8 Rh8 20. cxd3 Bf5 21. Rc1 Rc8 22. Rc5 Bxd3 23. Ra5 a6 24. Nc3 Ne8 25. Ba3 Bb5 26. Re1 c5 27. Nxb5 axb5 28. Nd7 b4 29. Ne5+ Kf6 30. Bb2 Kf5 31. g4+ Kf4 32. Ng6+ Kxg4 33. Nxh8 1-0


[Site "https://www.chess.com"]

[Event "Titled Tuesday Blitz February 14 Early 2023"]
[White "Piriflillo"]
[Black "Panesar Vedant"]
[BlackFideId "35033018"]
[WhiteElo "2337"]
[BlackElo "2387"]
[Result "0-1"]
[Round "01"]
[TimeControl "180+2"]
[Date "2023.02.15"]
[WhiteClock "0:00:05"]
[BlackClock "0:00:26"]

1. e4 c5 2. Nf3 d6 3. d4 cxd4 4. Nxd4 Nf6 5. Nc3 a6 6. h3 e5 7. Nde2 h5 8. g3 Be6 9. Bg2 Nbd7 10. O-O b5 11. Be3 Nb6 12. a3 Nc4 13. Bc1 Be7 14. b3 Nb6 15. Be3 Rc8 16. Nd5 Nfxd5 17. exd5 Bf5 18. c3 Qc7 19. f4 g6 20. Rc1 O-O 21. Qe1 Nd7 22. Qf2 Nf6 23. c4 Qd7 24. fxe5 dxe5 25. Bg5 bxc4 26. bxc4 Bxh3 27. Bxf6 Bc5 28. Bxe5 Bxf2+ 29. Rxf2 Rfe8 30. Bd4 Qg4 31. Bf3 Qg5 32. Rc2 Bf5 33. Rc3 h4 34. Rg2 h3 35. Rf2 Bg4 36. Kh2 f5 37. Bxg4 Qxg4 38. Nf4 g5 39. Ne6 Rxe6 40. dxe6 Qxd4 41. Rcf3 f4 42. gxf4 g4 0-1


[Site "https://www.chess.com"]

[Event "Titled Tuesday Blitz February 14 Early 2023"]
[White "Mohamed Anees M"]
[Black "Rios Escobar, Adan"]
[WhiteFideId "35065815"]
[BlackFideId "3403645"]
[WhiteElo "2315"]
[BlackElo "2234"]
[Result "1-0"]
[Round "01"]
[TimeControl "180+2"]
[Date "2023.02.15"]
[WhiteClock "0:00:09"]
[BlackClock "0:00:05"]

1. d4 Nf6 2. c4 g6 3. Nc3 Bg7 4. e4 d6 5. Be2 O-O 6. Nf3 Na6 7. O-O e5 8. d5 Nc5 9. Qc2 a5 10. Bg5 h6 11. Be3 b6 12. Ne1 Ne8 13. b3 f5 14. f3 Nf6 15. Bxc5 bxc5 16. exf5 gxf5 17. Rd1 Nh5 18. Nd3 Qg5 19. f4 exf4 20. Bxh5 Qxh5 21. Nxf4 Qf7 22. Rd3 Kh7 23. Rg3 Be5 24. Rgf3 Bd7 25. Nce2 a4 26. Ng3 axb3 27. axb3 Ra1 28. Rxa1 Bxa1 29. Ne6 Bxe6 30. dxe6 Qxe6 31. Nxf5 Qe1+ 32. Rf1 Qc3 33. Qe4 Qe5 34. Qb1 Kh8 35. Nxh6 Qe3+ 36. Kh1 Rxf1+ 37. Qxf1 Qxh6 38. Qxa1+ Kg8 39. Qb1 Qg5 40. Qd1 Qe3 41. h3 Kf8 42. Qf3+ Qxf3 43. gxf3 Kf7 44. Kg2 Kf6 45. Kg3 Ke5 46. h4 d5 47. cxd5 Kxd5 48. h5 Ke5 49. Kg4 Kf6 50. f4 Ke6 51. h6 Kf6 52. Kh5 Kf7 53. Kg5 c6 54. f5 c4 55. bxc4 c5 56. f6 Kg8 57. Kg6 Kh8 58. Kf7 Kh7 59. Ke7 Kg6 60. f7 Kf5 61. f8=Q+ Ke4 62. h7 Kd3 63. h8=Q Kc2 64. Qf3 Kb1 65. Qh2 Kc1 66. Qf1# 1-0


[Site "https://www.chess.com"]

[Event "Titled Tuesday Blitz February 14 Early 2023"]
[White "Prudnykova, Olga"]
[Black "Carnicelli, Valerio"]
[WhiteFideId "14121093"]
[BlackFideId "856185"]
[WhiteElo "2268"]
[BlackElo "2370"]
[Result "0-1"]
[Round "01"]
[TimeControl "180+2"]
[Date "2023.02.15"]
[WhiteClock "0:00:15"]
[BlackClock "0:00:07"]

1. e4 c5 2. Nf3 d6 3. Nc3 Nf6 4. d4 cxd4 5. Nxd4 Nc6 6. Nxc6 bxc6 7. Bd3 e5 8. O-O Be7 9. f4 O-O 10. fxe5 dxe5 11. Kh1 Be6 12. Qe2 Rb8 13. Nd1 Nd7 14. b3 Nc5 15. Bb2 f6 16. Bc4 Kh8 17. Ne3 Rf7 18. Nf5 Bf8 19. Rad1 Qc8 20. Ba3 Bxc4 21. Qxc4 Qe6 22. Qe2 g6 23. Bxc5 Bxc5 24. Ne3 Kg7 25. Nc4 Rd7 26. Rxd7+ Qxd7 27. Rd1 Qe7 28. Qd3 Bd4 29. c3 Bb6 30. Qd7 Qxd7 31. Rxd7+ Kh6 32. Nxb6 axb6 33. a4 c5 34. c4 f5 35. exf5 gxf5 36. Kg1 Kg6 37. Kf2 h5 38. h4 Kf6 39. g3 e4 40. Rh7 Kg6 41. Rd7 Kf6 42. Rh7 Rd8 43. Rh6+ Ke5 44. Rxb6 Rd2+ 45. Kf1 Kd4 46. a5 Ke3 47. a6 Kf3 48. Ke1 Ra2 49. Rf6 Ke3 50. Kd1 Kd3 51. Kc1 e3 52. Rxf5 e2 53. Rd5+ Kc3 0-1


[Site "https://www.chess.com"]

[Event "Titled Tuesday Blitz February 14 Early 2023"]
[White "Souleidis, Georgios"]
[Black "Kiselev, Pavel"]
[WhiteFideId "4206827"]
[BlackFideId "4191102"]
[WhiteElo "2419"]
[BlackElo "2245"]
[Result "1-0"]
[Round "01"]
[TimeControl "180+2"]
[Date "2023.02.15"]
[WhiteClock "0:00:41"]
[BlackClock "0:00:34"]

1. e4 e5 2. Nc3 Nf6 3. d4 exd4 4. Qxd4 Nc6 5. Qd3 Bb4 6. Bd2 O-O 7. O-O-O d6 8. Qg3 Be6 9. f4 d5 10. f5 Bxf5 11. exf5 d4 12. Bh6 Nh5 13. Qg4 dxc3 14. Rxd8 Raxd8 15. Qxh5 gxh6 16. Bd3 Ne5 17. f6 Nxd3+ 18. cxd3 Rd4 19. Nf3 1-0


[Site "https://www.chess.com"]

[Event "Titled Tuesday Blitz February 14 Early 2023"]
[White "Fajdetic, Hrvoje"]
[Black "Parkhov, Yair"]
[WhiteFideId "14501945"]
[BlackFideId "2813408"]
[WhiteElo "2151"]
[BlackElo "2505"]
[Result "1/2-1/2"]
[Round "01"]
[TimeControl "180+2"]
[Date "2023.02.15"]
[WhiteClock "0:00:12"]
[BlackClock "0:00:07"]

1. d4 Nf6 2. Bf4 g6 3. Nc3 Bg7 4. e4 O-O 5. Qd2 d6 6. O-O-O c6 7. Bh6 b5 8. f3 a5 9. h4 a4 10. h5 b4 11. Nce2 b3 12. cxb3 axb3 13. a3 Qa5 14. Nc3 c5 15. Bxg7 Kxg7 16. hxg6 fxg6 17. Bc4 h5 18. e5 Nh7 19. exd6 exd6 20. g4 cxd4 21. Qxd4+ Qe5 22. Qxd6 Qxd6 23. Rxd6 hxg4 24. fxg4 Bxg4 25. Nge2 Nd7 26. Rh4 Ndf6 27. Nf4 Rad8 28. Rxd8 Rxd8 29. Rxg4 Nxg4 30. Ne6+ Kf6 31. Nxd8 Ne5 32. Bxb3 g5 33. Ne4+ Kf5 34. Nd2 Kf4 35. Ne6+ Ke3 36. Nc4+ Nxc4 37. Bxc4 g4 38. Bd5 Nf6 39. Bc6 g3 40. Ng5 Ng4 41. a4 Ne5 42. Bb7 Nd3+ 43. Kc2 Nc5 44. Bc6 Nxa4 45. Nh3 Nb6 46. b4 Kd4 47. Kb3 Nc4 48. Nf4 Ne5 49. Bg2 Ke3 50. Nd5+ Kf2 51. Bh3 Nd3 52. Kc4 Nxb4 53. Nxb4 g2 54. Bxg2 Kxg2 1/2-1/2


[Site "https://www.chess.com"]

[Event "Titled Tuesday Blitz February 14 Early 2023"]
[White "Domingo Nunez, Ruben"]
[Black "Vaglio Munoz, Jaime"]
[WhiteFideId "22245570"]
[BlackFideId "6500145"]
[WhiteElo "2416"]
[BlackElo "2174"]
[Result "1-0"]
[Round "01"]
[TimeControl "180+2"]
[Date "2023.02.15"]
[WhiteClock "0:01:15"]
[BlackClock "0:00:53"]

1. e4 e6 2. Nf3 d5 3. Nc3 dxe4 4. Nxe4 b6 5. d4 Bb7 6. Bb5+ Nd7 7. Ne5 Nf6 8. Nxf6+ gxf6 9. Bxd7+ Ke7 10. Nc6+ Bxc6 11. Bxc6 Rb8 12. b3 Qd6 13. Qf3 b5 14. a4 b4 15. Bf4 e5 16. dxe5 fxe5 17. Rd1 Qe6 18. Bg5+ f6 19. Rd7+ Qxd7 20. Bxd7 Kxd7 21. Qf5+ Kc6 22. Bxf6 Rg8 23. Qe4+ Kd7 24. Qxh7+ Ke6 25. Qxg8+ Kxf6 26. O-O c6 27. Rd1 Re8 28. Rd7 e4 29. Qf7+ 1-0


[Site "https://www.chess.com"]

[Event "Titled Tuesday Blitz February 14 Early 2023"]
[White "Fan_Of_Chucky"]
[Black "Manukyan, Sargis A."]
[BlackFideId "13303970"]
[WhiteElo "2323"]
[BlackElo "2158"]
[Result "1-0"]
[Round "01"]
[TimeControl "180+2"]
[Date "2023.02.15"]
[WhiteClock "0:00:06"]
[BlackClock "0:00:08"]

1. d4 d5 2. c4 e6 3. Nf3 Nf6 4. g3 Be7 5. Bg2 O-O 6. O-O dxc4 7. Qa4 a6 8. Qxc4 b5 9. Qc2 Bb7 10. Bd2 Be4 11. Qc1 Nc6 12. Nc3 Nxd4 13. Nxd4 Bxg2 14. Nxe6 fxe6 15. Kxg2 c5 16. Rd1 Qb6 17. Bg5 Rad8 18. Qc2 Qc6+ 19. Kg1 Nd5 20. Bxe7 Nxe7 21. Qe4 Nd5 22. Rd2 Nb4 23. Rad1 Qxe4 24. Nxe4 Rxd2 25. Rxd2 c4 26. a3 Nd5 27. Nc5 Nc7 28. Rd7 Rf7 29. Rd8+ Rf8 30. Rd6 Re8 31. Nxa6 Nd5 32. e4 Nf6 33. Nc5 e5 34. f3 Rc8 35. Nd7 Nxd7 36. Rxd7 c3 37. bxc3 Rxc3 38. Kg2 Rxa3 39. Rd5 Ra2+ 40. Kh3 b4 41. Rxe5 b3 42. Rb5 b2 43. f4 Kf7 44. Kg4 Ke6 45. e5 g6 46. h4 Kd7 47. Kg5 Kc6 48. Rb8 Kc5 49. Kf6 Ra6+ 50. e6 Rb6 51. Rxb6 Kxb6 52. e7 b1=Q 53. e8=Q Qb2+ 54. Qe5 Qg2 55. Qg5 Qe4 56. Kg7 Qb7+ 57. Kh6 Qf7 58. Qd8+ Kc6 59. Qh8 Qb3 60. Qxh7 Kc5 61. Qxg6 Qf3 62. Qg5+ Kd4 63. f5 Kd3 64. f6 Qb7 65. Qg7 Qe4 66. f7 Qe3+ 67. Qg5 Qe6+ 68. Qg6+ Ke3 69. Qxe6+ Kf3 70. f8=Q+ Kg2 71. Qf3+ Kh2 72. Qee2+ Kh3 73. Qff1+ Kxg3 74. Qef3+ Kxh4 75. Q1h1# 1-0


[Site "https://www.chess.com"]

[Event "Titled Tuesday Blitz February 14 Early 2023"]
[White "Sadykov, Ramil"]
[Black "Schut, Han"]
[WhiteFideId "24113590"]
[BlackFideId "1005561"]
[WhiteElo "2345"]
[BlackElo "2101"]
[Result "1/2-1/2"]
[Round "01"]
[TimeControl "180+2"]
[Date "2023.02.15"]
[WhiteClock "0:00:06"]
[BlackClock "0:00:13"]

1. d4 Nf6 2. Nc3 d5 3. Bf4 e6 4. e3 Bd6 5. Nf3 a6 6. Bd3 b5 7. O-O Bb7 8. a4 b4 9. Ne2 Ne4 10. c4 dxc4 11. Bxc4 Nd7 12. Rc1 Ndf6 13. Ne5 g5 14. Bg3 h5 15. f3 Nxg3 16. Nxg3 h4 17. Ne2 Bxe5 18. dxe5 Qxd1 19. Rfxd1 Nd7 20. f4 g4 21. Kf2 Ke7 22. Bd3 Rac8 23. e4 c5 24. a5 c4 25. Bxc4 Nc5 26. Ke3 Bxe4 27. Bxa6 Nxa6 28. Kxe4 Nc5+ 29. Ke3 Nb3 30. Rxc8 Rxc8 31. a6 Ra8 32. Rd6 Nc5 33. Rb6 Rxa6 34. Rxb4 Ra2 35. h3 gxh3 36. gxh3 Na4 37. Rb7+ Kf8 38. b3 Ra3 39. Nd4 Nc5 40. Rc7 Nxb3 41. Rc3 Nxd4 42. Kxd4 Rxc3 43. Kxc3 Kg7 44. Kd4 Kg6 45. Ke4 f6 46. exf6 Kxf6 47. Ke3 Kf5 48. Kf3 e5 49. fxe5 Kxe5 50. Kg4 Kf6 51. Kxh4 Kg7 52. Kg5 Kh7 53. Kh5 Kg7 54. Kg5 Kh7 55. h4 Kg7 56. h5 Kh7 57. h6 Kg8 58. Kg6 Kh8 59. h7 1/2-1/2


[Site "https://www.chess.com"]

[Event "Titled Tuesday Blitz February 14 Early 2023"]
[White "Koridze, Lile"]
[Black "Danielyan, Vahe"]
[WhiteFideId "13612514"]
[BlackFideId "13304828"]
[WhiteElo "2191"]
[BlackElo "2346"]
[Result "1-0"]
[Round "01"]
[TimeControl "180+2"]
[Date "2023.02.15"]
[WhiteClock "0:00:30"]
[BlackClock "0:01:25"]

1. d4 Nf6 2. c4 g6 3. Nc3 d6 4. e4 Bg7 5. Nf3 O-O 6. Be2 e5 7. d5 Nbd7 8. Be3 a5 9. Nd2 Nc5 10. O-O b6 11. a3 Ne8 12. b4 Nd7 13. c5 bxc5 14. bxc5 Nxc5 15. Bxc5 dxc5 16. Na4 Nd6 17. Nxc5 f5 18. Rc1 Qe7 19. Qa4 fxe4 20. Ndxe4 Rf4 21. Qc6 Rb8 22. Nxd6 cxd6 23. Ne6 Bb7 24. Qb5 Rc4 25. Rxc4 1-0


[Site "https://www.chess.com"]

[Event "Titled Tuesday Blitz February 14 Early 2023"]
[White "Kvaloy, Aksel Bu"]
[Black "Makhmudov, Shukhrat"]
[WhiteFideId "1528815"]
[BlackFideId "14200775"]
[WhiteElo "2321"]
[BlackElo "2115"]
[Result "1-0"]
[Round "01"]
[TimeControl "180+2"]
[Date "2023.02.15"]
[WhiteClock "0:01:38"]
[BlackClock "0:01:58"]

1. d4 Nf6 2. c4 e6 3. g3 d5 4. Nf3 c6 5. Bg2 Nbd7 6. O-O Be7 7. Qc2 O-O 8. Nbd2 b6 9. e4 Ba6 10. Re1 Rc8 11. Qa4 Nb8 12. e5 Ne4 13. Nxe4 dxe4 14. Rxe4 b5 15. Qc2 bxc4 16. h4 h6 17. Rg4 Kh8 18. Bxh6 gxh6 19. Qd2 Kh7 20. Nh2 Rg8 21. Be4+ Rg6 22. h5 Bg5 23. hxg6+ fxg6 24. f4 Be7 25. Rxg6 1-0


[Site "https://www.chess.com"]

[Event "Titled Tuesday Blitz February 14 Early 2023"]
[White "Kornyukov, Alexey"]
[Black "Dobrikov, Marco"]
[WhiteFideId "4150457"]
[BlackFideId "12950378"]
[WhiteElo "2452"]
[BlackElo "2269"]
[Result "0-1"]
[Round "01"]
[TimeControl "180+2"]
[Date "2023.02.15"]
[WhiteClock "0:00:47"]
[BlackClock "0:01:52"]

1. e4 e6 2. d4 d5 3. Nc3 Bb4 4. exd5 exd5 5. a3 Bxc3+ 6. bxc3 Nf6 7. Bd3 O-O 8. h3 Ne4 9. Ne2 Nc6 10. O-O Bf5 11. Bxe4 Bxe4 12. Ng3 Bg6 13. f4 Be4 14. Nxe4 dxe4 15. f5 Qd5 16. Qg4 f6 17. Bh6 Rf7 18. Rf4 Re8 19. Qg3 Kh8 20. Rh4 gxh6 21. Rxh6 Qxf5 22. Rf1 Rg7 23. Qh4 Qg5 24. Rfxf6 Qxg2# 0-1


[Site "https://www.chess.com"]